 Dungeon Crawl Stone Soup version 0.23-a0-33-g1e3a2e4e2f (webtiles) character file.

110366 Chiseanne the Tortoise (level 16, -3/122 HPs)
             Began as a Demonspawn Wanderer on Aug 4, 2018.
             Was an Initiate of Gozag.
             Killed by Olgreb's Toxic Radiance
             ... invoked by a naga ritualist
              (4 damage)
             ... on level 1 of the Snake Pit on Aug 5, 2018.
             The game lasted 02:13:10 (32729 turns).

Chiseanne the Tortoise (Demonspawn Wanderer)       Turns: 32729, Time: 02:13:10

Health: -3/122     AC: 31    Str: 18    XL:     16   Next: 7%
Magic:  0/25       EV:  9    Int: 14    God:    Gozag
Gold:   755        SH:  0    Dex: 22    Spells: 15/15 levels left

rFire    + . .     SeeInvis .   a - +4 broad axe (elec)
rCold    + . .     Gourm    .   (no shield)
rNeg     + . .     Faith    .   W - +1 plate armour {rF+}
rPois    .         Spirit   +   C - +2 hat
rElec    .         Reflect  .   Z - scarf {repulsion}
rCorr    .         Harm     .   (no gloves)
MR       +....                  x - +0 pair of boots
Stlth    ..........             c - amulet of regeneration
HPRegen  0.70/turn              y - ring of positive energy
MPRegen  0.38/turn              R - ring of Pakawut {rPois Dex+4 Slay+3}

@: lethally poisoned (-3 -> -72), poison vulnerable, gold aura, constricted,
repel missiles
A: talons 2, thin skeletal structure 2, cold resistance 1, icemail, magic
shield, magic regeneration, freezing cloud immunity
a: Potion Petition, Call Merchant, Bribe Branch, Renounce Religion


You were on level 1 of the Snake Pit.
You worshipped Gozag.
Gozag was pleased with you.
You were full.

You visited 5 branches of the dungeon, and saw 25 of its levels.
You also visited: Labyrinth, Sewer and Ossuary.

You collected 11103 gold pieces.
You spent 4427 gold pieces at shops.
You paid 5921 gold pieces to Gozag.

Inventory:

Hand Weapons
 a - a +4 broad axe of electrocution (weapon)
 d - a +2 flail of protection
 f - a +4 scimitar of flaming
 q - a +0 blowgun
 s - the +8 dagger of Destruction {pierce, rPois SInv Stlth+}
   (You bought it in a shop on level 9 of the Dungeon)

   It inflicts extra damage upon your enemies.
   It protects you from poison.
   It lets you see invisible.
   It makes you more stealthy.
 w - the +6 arbalest "Damnation" {damnation}
   (You bought it in a shop on level 15 of the Dungeon)
Missiles
 g - 2 throwing nets
 i - 142 bolts
 t - 10 curare-tipped needles
 O - 9 javelins of penetration (quivered)
Armour
 x - a +0 pair of boots (worn)
 C - a +2 hat (worn)
 W - a +1 plate armour of fire resistance (worn)
 Z - a scarf of repulsion (worn)
Jewellery
 c - an amulet of regeneration (around neck)
 y - a ring of positive energy (left hand)
 R - the ring of Pakawut (right hand) {rPois Dex+4 Slay+3}
   (You found it on level 6 of the Lair of Beasts)

   [ring of poison resistance]

   It affects your dexterity (+4).
   It affects your accuracy and damage with ranged weapons and melee attacks
   (+3).
   It protects you from poison.
Wands
 b - a wand of enslavement (2)
 j - a wand of iceblast (13)
 v - a wand of digging (25)
 H - a wand of disintegration (11)
 J - a wand of acid (12)
 N - a wand of scattershot (7)
 Q - a wand of flame (43)
Scrolls
 k - a scroll of enchant weapon
 l - a scroll of summoning
 n - 13 scrolls of identify
 p - a scroll of enchant armour
 r - 9 scrolls of remove curse
 u - 2 scrolls of immolation
 z - 12 scrolls of teleportation
 A - 6 scrolls of magic mapping
 D - 3 scrolls of fear
 K - 3 scrolls of blinking
 P - 7 scrolls of fog
 Y - a scroll of silence
Potions
 e - 5 potions of heal wounds
 h - 7 potions of flight
 o - 7 potions of curing
 B - a potion of might
 G - 2 potions of haste
 S - 3 potions of invisibility
Miscellaneous
 L - a sack of spiders
Comestibles
 m - 20 rations


   Skills:
 - Level 10.2 Fighting
 + Level 7.5 Crossbows
 - Level 15.6 Armour
 - Level 7.9 Dodging
 - Level 1.0 Stealth
   Level 14.5 Shields
 - Level 12.2 Evocations


You had 15 spell levels left.
You didn't know any spells.
Your spell library contained the following spells:

 Spells                   Type           Power        Failure   Level  Hunger
 Apportation              Tloc           #.....       98%         1    ##.....
 Bolt of Magma            Conj/Fire/Erth #.........   100%        5    ######.
 Confuse                  Hex            #.......     100%        3    ####...
 Invisibility             Hex            #.......     100%        6    #######
 Throw Frost              Conj/Ice       #.....       99%         2    ###....
 Teleport Other           Tloc           #.......     100%        3    ####...
 Summon Small Mammal      Summ           #...         98%         1    ##.....
 Blink                    Tloc           N/A          99%         2    ###....
 Freeze                   Ice            #...         98%         1    ##.....
 Summon Ice Beast         Ice/Summ       #.......     100%        4    #####..
 Ozocubu's Armour         Chrm/Ice       #.......     100%        3    ####...
 Call Imp                 Summ           #.......     99%         2    ###....
 Tukima's Dance           Hex            #.......     100%        3    ####...
 Stone Arrow              Conj/Erth      #.....       100%        3    ####...
 Spider Form              Tmut/Pois      #.........   100%        3    ####...
 Blade Hands              Tmut           #.........   100%        5    ######.
 Ice Form                 Ice/Tmut       #.......     100%        4    #####..
 Deflect Missiles         Chrm/Air       #.........   100%        6    #######
 Throw Icicle             Conj/Ice       #.......     100%        4    #####..
 Sticks to Snakes         Tmut           #.......     99%         2    ###....
 Call Canine Familiar     Summ           #.......     100%        3    ####...
 Ensorcelled Hibernation  Hex/Ice        #.....       99%         2    ###....
 Summon Butterflies       Summ           #.......     98%         1    ##.....
 Silence                  Hex/Air        #.........   100%        5    ######.
 Shatter                  Erth           #.........   100%        9    #######
 Corona                   Hex            #......      98%         1    ##.....
 Alistair's Intoxication  Tmut/Pois      #.......     100%        5    ######.
 Sandblast                Erth           #.....       98%         1    ##.....
 Conjure Ball Lightning   Conj/Air       #.........   100%        6    #######
 Passage of Golubria      Tloc           N/A          100%        4    #####..
 Tornado                  Air            #.........   100%        9    #######
 Summon Hydra             Summ           #.........   100%        7    #######
 Shroud of Golubria       Chrm/Tloc      #.........   99%         2    ###....
 Beastly Appendage        Tmut           #.....       98%         1    ##.....
 Dazzling Spray           Conj/Hex       #.....       100%        3    ####...
 Summon Lightning Spire   Summ/Air       #.......     100%        4    #####..
 Summon Guardian Golem    Hex/Summ       #.......     100%        3    ####...
 Summon Mana Viper        Hex/Summ       #.......     100%        5    ######.
 Gell's Gravitas          Tloc           #.........   100%        3    ####...
 Yara's Violent Unravell  Hex/Tmut       #.........   100%        5    ######.
 Lesser Beckoning         Tloc           #.........   100%        3    ####...
 Ignition                 Fire           #.........   100%        8    #######
 Borgnjor's Vile Clutch   Necr/Erth      #.........   100%        5    ######.


Dungeon Overview and Level Annotations

Branches:
Dungeon (15/15)            Temple (1/1) D:5            Lair (6/6) D:9
 Shoals (0/4) Lair:4        Snake (1/4) Lair:2        Slime (0/5) Lair:6
    Orc (2/2) D:12            Elf (0/3) Orc:2        Vaults (0/5) D:13
 Depths (0/5) D:15

Altars:
Ashenzari
Cheibriados
Dithmenos
Elyvilon
Fedhas
Gozag
Hepliaklqana
Kikubaaqudgha
Makhleb
Nemelex Xobeh
Okawaru
Qazlal
Ru
Sif Muna
Trog
Uskayaw
Vehumet
Wu Jian
Xom
Yredelemnul
Zin
The Shining One
Jiyva

Shops:
D:6 [   D:9 *!(   D:10 [   D:15 :(   Orc:1 }   Orc:2 [?%:

Annotations:
D:13 2 transporters, Fandomethor's ghost, journeyman GrFi
Lair:1 3 runed doors, Flugkiller's ghost, novice TrWr
Orc:2 2 transporters, nawrastar's ghost, journeyman TrCK


Innate Abilities, Weirdness & Mutations

You have razor-sharp toenails.
You have a moderately thin skeletal structure. (Dex +4, Stealth+)
Your flesh is cold resistant. (rC+)
A meltable icy envelope protects you from harm. (AC +10)
When hurt, damage is shared between your health and your magic reserves.
You regenerate magic rapidly.
You are immune to freezing clouds.


Message History

* * * LOW HITPOINT WARNING * * *
You are more poisoned.
The guardian serpent casts a spell at you.
The bolt of poison hits the naga ritualist.
The bolt of poison hits you!
You are more poisoned.
* * * LOW HITPOINT WARNING * * *
You hit the anaconda.
The anaconda is almost dead.
You closely miss the naga ritualist. You hit the black mamba.
You slash the black mamba!
Lightning courses through the black mamba!
You kill the black mamba!
You completely miss the mana viper.
* * * LOW HITPOINT WARNING * * *
You feel extremely sick.
* * * LOW HITPOINT WARNING * * *
You are more poisoned.
You die...
Your body crumbles into a pile of gold.

...#...........
.../...........
...............
...............
...............
...............
....!.$........
......S@...)...
......NSS......
...(.S.........
......N.$......
.........[.....
...............
...............
...............


You could see an anaconda, a naga ritualist, a mana viper, a guardian serpent, a
black mamba and a naga.

Vanquished Creatures
  Nessos (D:13)
  A minotaur (Lab)
  A dire elephant (Lair:6)
  Snorg (Lair:5)
  Josephine (Orc:1)
  2 ogre magi (Orc:2)
  2 rakshasas (D:15)
  5 hydras
  Fannar (D:9)
  A catoblepas (Lair:6)
  4 centaur warriors
  A death knight (D:13)
  12 two-headed ogres
  A deep troll shaman (Lair:6)
  A tengu warrior (D:15)
  11 death yaks
  Sonja (Orc:2)
  A shock serpent (D:10)
  Urug (Lair:4)
  An unseen horror (D:13)
  A glowing orange brain (D:15)
  2 deep trolls (Orc:2)
  Pikel (D:6)
  18 ugly things (D:15)
  2 orc sorcerers
  2 orc knights
  2 manticores (D:13)
  A mana viper (Snake:1)
  4 cyclopes
  A deep elf mage (D:9)
  A torpor snail (Lair:5)
  5 black mambas
  16 spiny frogs
  6 gargoyles
  11 elephants
  11 komodo dragons
  A rime drake (Lair:6)
  An efreet (D:13)
  A queen bee (Lair:2)
  14 trolls
  A troll (shapeshifter) (D:13)
  A harpy zombie (D:14)
  A hornet (D:10)
  A jumping spider (shapeshifter) (D:15)
  A meliai (D:15)
  9 slime creatures
  A meliai zombie (D:11)
  A blink frog (shapeshifter) (D:15)
  17 blink frogs
  4 dream sheep (Lair:6)
  11 hippogriffs
  A snapping turtle (Lair:4)
  3 shadows
  A spriggan (D:9)
  6 wraiths
  2 vampires
  A basilisk (Lair:1)
  6 wyverns
  8 humans (D:13)
  6 hungry ghosts
  A hog (D:9)
  48 yaks
  Grum (D:8)
  A steam dragon (D:14)
  4 vampire mosquitoes (D:14)
  4 nagas (Lair:2)
  An acid dragon (D:11)
  2 wargs (Orc:1)
  Edmund (D:4)
  2 soldier ants
  9 water moccasins
  20 porcupines
  3 sky beasts
  2 ice beasts (D:7)
  25 orc warriors
  4 phantoms
  A slave (D:6)
  3 black bears
  2 necrophages
  An eye of draining (D:14)
  A tengu (D:9)
  19 ogres
  8 wolves
  3 boggarts (D:15)
  25 centaurs
  9 crocodiles
  A big kobold (D:12)
  18 bullfrogs
  2 elf zombies (Ossuary)
  Blork the orc (D:6)
  2 wyvern zombies
  6 scorpions
  42 killer bees
  3 wights (D:12)
  3 howler monkeys
  An electric eel (Lair:4)
  11 crimson imps
  4 lava snakes (Lab)
  8 centaur zombies
  3 hounds
  A bullfrog zombie (D:13)
  A human zombie (Ossuary)
  16 orc priests
  2 bullfrog skeletons
  16 jellies
  Ijyb (D:5)
  4 centaur skeletons
  3 iguanas
  44 orc wizards
  7 worker ants
  A killer bee zombie (D:5)
  A big kobold zombie (Ossuary)
  A hound zombie (D:9)
  2 hound skeletons
  2 mummies (Ossuary)
  A worker ant zombie (D:10)
  A howler monkey zombie (D:10)
  21 adders
  3 gnolls (D:3)
  2 shadow imps
  6 oozes
  2 adder zombies (Ossuary)
  2 adder skeletons (D:5)
  8 worms
  4 dart slugs
  7 leopard geckos
  82 orcs
  4 giant cockroaches
  6 goblins
  6 hobgoblins
  24 jackals
  7 quokkas
  3 ball pythons
  A ball python skeleton (D:5)
  14 bats
  10 frilled lizards
  A goblin zombie (Ossuary)
  13 hobgoblin zombies (Ossuary)
  18 kobolds
  6 kobold zombies (Ossuary)
  A leopard gecko skeleton (D:5)
  7 orc zombies (Ossuary)
  2 quokka skeletons
  8 rats
  2 rat zombies (Ossuary)
  10 fungi
  3 plants
925 creatures vanquished.

Vanquished Creatures (collateral kills)
  Kirke (D:15)
  An ugly thing (D:15)
  A meliai (D:15)
  A basilisk (D:15)
  An ogre (shapeshifter) (D:15)
  An ogre (Orc:2)
6 creatures vanquished.

Vanquished Creatures (others)
  A two-headed ogre (D:13)
  An unseen horror (D:15)
  2 ugly things (D:15)
  A slime creature (D:15)
  A meliai (D:15)
  A wraith (D:15)
  12 humans
  An ice beast (D:13)
  2 slaves (D:6)
  An ogre (Orc:2)
  A centaur (D:13)
  A jelly (D:15)
  2 orcs
  A giant cockroach (D:6)
  2 fungi
  4 plants
34 creatures vanquished.

Grand Total: 965 creatures vanquished

Notes
Turn   | Place    | Note
-------+----------+-------------------------------------------
     0 | D:1      | Chiseanne the Demonspawn Wanderer began the quest for the Orb.
     0 | D:1      | Chiseanne set off with: a +0 leather armour, 3 throwing nets, a +0 mace, a +0 hand crossbow, 24 bolts, a ration
     0 | D:1      | Reached XP level 1. HP: 19/19 MP: 1/1
   167 | D:1      | Gained mutation: You have sharp toenails. [demonic ancestry]
   167 | D:1      | Reached XP level 2. HP: 26/26 MP: 2/2
   787 | D:1      | Reached skill level 5 in Fighting
   949 | D:2      | Reached XP level 3. HP: 33/33 MP: 3/3
  1499 | D:2      | Gained mutation: When hurt, damage is shared between your health and your magic reserves. [demonic ancestry]
  1499 | D:2      | Reached XP level 4. HP: 28/40 MP: 4/4
  1729 | D:2      | Found a shimmering altar of Xom.
  1731 | D:2      | Found a shimmering altar of Xom.
  1732 | D:2      | Found a shimmering altar of Xom.
  1733 | D:2      | Found a shimmering altar of Xom.
  1735 | D:2      | Found a shimmering altar of Xom.
  1736 | D:2      | Found a shimmering altar of Xom.
  1737 | D:2      | Found a shimmering altar of Xom.
  2503 | D:3      | Reached XP level 5. HP: 40/47 MP: 5/5
  3674 | D:4      | Noticed Edmund
  3702 | D:4      | Killed Edmund
  3702 | D:4      | Reached XP level 6. HP: 51/56 MP: 6/6
  4328 | D:5      | Entered Level 5 of the Dungeon
  4355 | D:4      | Reached XP level 7. HP: 48/63 MP: 7/7
  4877 | D:5      | Found a staircase to the Ecumenical Temple.
  5039 | D:5      | Noticed Ijyb
  5052 | D:5      | Killed Ijyb
  5058 | D:5      | Reached skill level 1 in Armour
  5304 | Temple   | Entered the Ecumenical Temple
  5415 | Temple   | Became a worshipper of Gozag Ym Sagoz the Greedy
  5712 | D:6      | Reached skill level 2 in Armour
  5720 | D:6      | Gained mutation: You have a somewhat thin skeletal structure. (Dex +2, Stealth) [demonic ancestry]
  5720 | D:6      | Reached XP level 8. HP: 57/71 MP: 6/8
  5815 | D:6      | Noticed Blork the orc
  5818 | D:6      | Killed Blork the orc
  5818 | D:6      | Reached skill level 3 in Armour
  5933 | D:6      | Noticed Pikel
  5970 | D:6      | Killed Pikel
  5970 | D:6      | Reached skill level 4 in Armour
  6130 | D:6      | Reached skill level 5 in Dodging
  6156 | D:6      | Reached skill level 5 in Armour
  6179 | D:6      | Found Hozevi Ehui's Armour Shoppe.
  6187 | D:6      | Bought a +1 cloak of poison resistance for 189 gold pieces
  6187 | D:6      | Bought a +0 cloak for 63 gold pieces
  6298 | D:6      | Found a glowing drain.
  6307 | Sewer    | Entered a sewer
  6863 | D:6      | Gained mutation: You regenerate magic rapidly. [demonic ancestry]
  6863 | D:6      | Reached XP level 9. HP: 62/76 MP: 7/9
  7277 | D:7      | Reached skill level 6 in Armour
  8064 | D:7      | Found a deep blue altar of Sif Muna.
  8171 | D:7      | Reached skill level 7 in Armour
  8357 | D:8      | Noticed Grum
  8558 | D:8      | Killed Grum
  8638 | D:8      | Found a sand-covered staircase.
  8642 | Ossuary  | Entered an ossuary
  8898 | Ossuary  | Gained mutation: Your flesh is cold resistant. (rC+) [demonic ancestry]
  8898 | Ossuary  | Reached XP level 10. HP: 69/83 MP: 10/10
  9129 | D:8      | Reached skill level 8 in Armour
  9557 | D:8      | Reached skill level 5 in Shields
  9815 | D:9      | Bought a warped dagger for 168 gold pieces
  9816 | D:9      | Identified the +8 dagger of Destruction {pierce, rPois SInv Stlth+} (You bought it in a shop on level 9 of the Dungeon)
  9877 | D:9      | Noticed a two-headed ogre
  9906 | D:9      | Killed a two-headed ogre
 10174 | D:9      | Reached skill level 9 in Armour
 10306 | D:9      | Noticed a deep elf mage
 10334 | D:9      | Killed a deep elf mage
 10560 | D:9      | Found a sacrificial altar of Ru.
 11167 | D:9      | Noticed Prince Ribbit
 11171 | D:9      | Noticed Prince Ribbit
 11171 | D:9      | Prince Ribbit changed into Prince Ribbit the tengu
 11178 | D:9      | Killed Prince Ribbit the tengu
 11235 | D:9      | Found a staircase to the Lair.
 11407 | D:10     | Entered Level 10 of the Dungeon
 11407 | D:10     | Noticed a deep elf mage
 11419 | D:9      | Gained mutation: You have a moderately thin skeletal structure. (Dex +4, Stealth+) [demonic ancestry]
 11419 | D:9      | Reached XP level 11. HP: 70/89 MP: 11/11
 11676 | D:10     | Noticed a shock serpent
 11676 | D:10     | a deep elf mage changed into a shock serpent
 12002 | D:10     | Reached skill level 10 in Armour
 12562 | Lair:1   | Entered Level 1 of the Lair of Beasts
 12562 | Lair:1   | Noticed Fannar
 12634 | D:9      | Killed Fannar
 12986 | Lair:1   | Got a dazzling scale mail
 12992 | Lair:1   | Identified the cursed +1 scale mail of the Pleiades {Dex+2} (You found it on level 1 of the Lair of Beasts)
 13030 | Lair:1   | Noticed a five-headed hydra
 13048 | Lair:1   | Killed a five-headed hydra
 13048 | Lair:1   | Reached skill level 11 in Armour
 13349 | Lair:1   | Found a runed gate.
 13349 | Lair:1   | Found a runed gate.
 13350 | Lair:1   | Found a runed gate.
 13351 | Lair:1   | Noticed a death ooze
 13353 | Lair:1   | Noticed Flugkiller's ghost (novice TrWr)
 13452 | Lair:1   | Reached XP level 12. HP: 44/95 MP: 8/12
 13767 | Lair:1   | Found a viscous altar of Jiyva.
 14058 | D:9      | Bought a potion of brilliance for 52 gold pieces
 14058 | D:9      | Bought a potion of heal wounds for 65 gold pieces
 14296 | Lair:2   | Reached skill level 10 in Shields
 14342 | Lair:2   | Found a staircase to the Snake Pit.
 14625 | Lair:2   | Reached skill level 12 in Armour
 15645 | Lair:3   | Found a sparkling altar of Nemelex Xobeh.
 16272 | Lair:4   | Got an ichor-stained leather armour
 16273 | Lair:4   | Identified the cursed +1 leather armour "Fiebemuy" {rElec rPois rF- Str-5} (You found it on level 4 of the Lair of Beasts)
 16297 | Lair:4   | Noticed Urug
 16307 | Lair:4   | Killed Urug
 16649 | Lair:4   | Found a staircase to the Shoals.
 17259 | Lair:5   | Reached skill level 13 in Armour
 17442 | Lair:5   | Found a labyrinth entrance.
 17451 | Lab      | Entered a labyrinth
 17502 | Lab      | Gained mutation: You are immune to freezing clouds. [demonic ancestry]
 17502 | Lab      | Reached XP level 13. HP: 98/101 MP: 13/13
 21684 | Lab      | Got a brightly glowing golden ring
 21805 | Lab      | Noticed a minotaur
 21830 | Lab      | Killed a minotaur
 21847 | Lab      | Identified the Volume of Saltpetre
 21861 | Lab      | Got a shimmering leather armour
 21973 | Lair:5   | Identified the +0 leather armour of New Discoveries {Int+2} (You found it in a labyrinth)
 22018 | Lair:5   | Noticed Snorg
 22046 | Lair:5   | Killed Snorg
 22791 | Lair:6   | Entered Level 6 of the Lair of Beasts
 23442 | Lair:5   | Upgraded the game from 0.23-a0-32-g1388f29e54 to 0.23-a0-33-g1e3a2e4e2f
 23468 | Lair:5   | Reached skill level 14 in Armour
 23974 | Lair:6   | Gained mutation: A meltable icy envelope protects you from harm. (AC +10) [demonic ancestry]
 23974 | Lair:6   | Reached XP level 14. HP: 59/108 MP: 14/14
 24074 | Lair:6   | Found a staircase to the Slime Pits.
 24385 | Lair:6   | Identified the ring of Zequr {rC+ MP+9 EV+3 Dex-4} (You found it in a labyrinth)
 24810 | Lair:6   | Reached skill level 15 in Armour
 24828 | Lair:6   | Got a translucent bone ring
 24847 | Lair:6   | Identified the ring of Pakawut {rPois Dex+4 Slay+3} (You found it on level 6 of the Lair of Beasts)
 25135 | D:9      | Bought a scroll of identify for 64 gold pieces
 25135 | D:9      | Bought a scroll of identify for 64 gold pieces
 25135 | D:9      | Bought a scroll of identify for 64 gold pieces
 25135 | D:9      | Bought a pitted short sword for 256 gold pieces
 25135 | D:9      | Bought a scroll labeled ACRACWOFEV for 32 gold pieces
 25138 | D:9      | Identified the +5 short sword of Responsibility {pierce, *Corrode rC- MR+++ Int+5} (You bought it in a shop on level 9 of the Dungeon)
 25336 | D:10     | Identified the +1 scale mail "Pisahurph" {Str+3 SInv} (You found it on level 10 of the Dungeon)
 25450 | D:10     | Bought a crude leather armour for 161 gold pieces
 25451 | D:10     | Identified the +1 leather armour of the Vanishing Scars {+Fly rF+ rC++ Dex-5} (You bought it in a shop on level 10 of the Dungeon)
 26708 | D:12     | Found a staircase to the Orcish Mines.
 26991 | D:12     | Found a shattered altar of Ashenzari.
 27127 | D:12     | Found Detax's Food Emporium.
 27141 | D:12     | Bought a ration for 70 gold pieces
 27141 | D:12     | Bought a ration for 70 gold pieces
 27141 | D:12     | Bought a ration for 70 gold pieces
 27141 | D:12     | Bought a ration for 70 gold pieces
 27141 | D:12     | Bought a ration for 70 gold pieces
 27141 | D:12     | Bought a ration for 70 gold pieces
 27141 | D:12     | Bought a ration for 70 gold pieces
 27141 | D:12     | Bought a ration for 70 gold pieces
 27141 | D:12     | Bought a ration for 70 gold pieces
 27141 | D:12     | Bought a ration for 70 gold pieces
 27141 | D:12     | Bought a ration for 70 gold pieces
 27272 | D:12     | Identified the +3 leather armour of Insatiable Hunger {MR+ Str-5 Int+2} (You found it on level 12 of the Dungeon)
 27408 | D:13     | Reached skill level 5 in Evocations
 27458 | D:13     | Noticed Fandomethor's ghost (journeyman GrFi)
 27468 | D:13     | Noticed Nessos
 27524 | D:13     | Killed Nessos
 27583 | D:13     | Found a gate to the Vaults.
 27607 | D:13     | Found a transporter.
 27619 | D:13     | Found a transporter.
 28038 | D:13     | Reached skill level 10 in Evocations
 28188 | D:13     | Found a hide-covered altar of Uskayaw.
 28563 | D:14     | Identified a scroll of acquirement
 28856 | D:14     | Gained mutation: You have razor-sharp toenails. [demonic ancestry]
 28856 | D:14     | Reached XP level 15. HP: 70/113 MP: 16/24
 29242 | D:14     | Found a shadowy altar of Dithmenos.
 29415 | D:15     | Entered Level 15 of the Dungeon
 29510 | D:15     | Noticed Kirke
 29532 | D:15     | Killed Kirke
 30357 | D:15     | Found a staircase to the Depths.
 30430 | D:15     | Reached skill level 10 in Fighting
 30701 | D:15     | Bought the +6 arbalest "Damnation" {damnation} for 880 gold pieces
 30701 | D:15     | Found the +6 arbalest "Damnation" {damnation}
 30918 | Orc:1    | Entered Level 1 of the Orcish Mines
 31021 | Orc:1    | Identified the Almanac of the Oath and Ignition
 31213 | Orc:2    | Entered Level 2 of the Orcish Mines
 31299 | Orc:2    | Found a transporter.
 31306 | Orc:2    | Noticed nawrastar's ghost (journeyman TrCK)
 31312 | Orc:2    | Found a transporter.
 31317 | Orc:2    | Found a staircase to the Elven Halls.
 31335 | Orc:2    | Noticed Sonja
 31337 | Orc:2    | Killed Sonja
 31733 | Orc:2    | Reached skill level 5 in Crossbows
 31893 | Orc:2    | Found Piujiwev's Magic Scroll Boutique.
 31897 | Orc:2    | Found Esimohas's Book Shop.
 31908 | Orc:2    | Found Veunacio's Armour Emporium.
 31910 | Orc:2    | Bought a scroll of summoning for 123 gold pieces
 31910 | Orc:2    | Bought a scroll of identify for 26 gold pieces
 31910 | Orc:2    | Bought a scroll of identify for 26 gold pieces
 31910 | Orc:2    | Bought a scroll of enchant armour for 97 gold pieces
 31910 | Orc:2    | Bought 3 scrolls of identify for 78 gold pieces
 31910 | Orc:2    | Bought a scroll of teleportation for 39 gold pieces
 31910 | Orc:2    | Bought a scroll of immolation for 45 gold pieces
 31910 | Orc:2    | Bought a scroll of immolation for 45 gold pieces
 31913 | Orc:2    | Reached XP level 16. HP: 122/122 MP: 25/25
 31933 | Orc:2    | Found Weenised's Food Boutique.
 32080 | Orc:1    | Noticed Josephine
 32081 | Orc:1    | Killed Josephine
 32255 | Orc:1    | Found Osieze's Gadget Shop.
 32271 | Orc:1    | Bought a wand of digging (12) for 512 gold pieces
 32271 | Orc:1    | Bought a wand of digging (15) for 608 gold pieces
 32719 | Snake:1  | Entered Level 1 of the Snake Pit
 32729 | Snake:1  | HP: 4/122 [poisoned by a guardian serpent (bolt of poison)]
 32729 | Snake:1  | HP: 1/122 [naga ritualist/Olgreb's Toxic Radiance (3)]
 32729 | Snake:1  | Killed from afar by a naga ritualist

Vault maps used:
D:1:      tarquinn_simple_flora_water_e
D:2:      xom_redecorated
D:3:      minmay_diamond_boxcup
D:4:      first_ration, uniq_edmund
D:5:      minmay_temple_entry_enclosed_plants, uniq_ijyb
D:6:      gup_sewer_entry_bowl, serial_shops, shop, uniq_blork_the_orc,
          uniq_pikel
D:7:      kennysheep_orc_sif_temple, minmay_misc_feat_tower
D:8:      lightli_ossuary_entry_decrepit_ruins, uniq_grum
D:9:      minmay_distorted_concentric_squares, kennysheep_mini_moat,
          grunt_lair_entry_orc_guard_hut, the_bakery, minivault_14,
          uniq_prince_ribbit1
D:12:     kennysheep_funnel, orc_0_dummy, basic_altar, serial_shops,
          nicolae_shop_waterfront, eino_small_chamber_without_monster
D:13:     david_vaults_3, basic_altar, gammafunk_ghost_mausoleum,
          kennysheep_nondescript, kennysheep_generic_room_3
D:14:     grunt_dithmenos_shadows
D:15:     gammafunk_enter_depths_forms, uniq_kirke
Temple:   kilobyte_greek_temple
Lair:1:   gammafunk_ghost_ooze, enter_volcano_1,
          nicolae_lair_grove_arrangements, beast_lair_carwin_5, uniq_fannar
Lair:2:   minmay_snake_entry_guardpost_medium
Lair:3:   basic_altar
Lair:4:   minmay_shoals_entry_hut, grunt_megastairs_3,
          infiniplex_staircase_pool, uniq_urug
Lair:5:   lab_entry_generic, beast_lair_carwin_9, uniq_snorg
Lair:6:   grunt_lair_end_beastmaster, minmay_slime_entry_jelly_boxes,
          infiniplex_staircase_pool_2
Orc:1:    serial_shops, nicolae_shop_behind_doors, guppyfry_library_mini,
          uniq_josephine
Orc:2:    st_orc_open, gammafunk_ghost_stat_death, uniq_sonja
Lab:      nicolae_lab_dead_adventurers, labyrinth_skeletal_remains,
          labyrinth_lava_lair, labyrinth_fake_exit, nicolae_lab_checkerboard
Sewer:    sewer_fruit_machine
Ossuary:  ossuary_tomb_1

Skill      XL: |  1  2  3  4  5  6  7  8  9 10 11 12 13 14 15 16 |
---------------+-------------------------------------------------+-----
Fighting       | 5 6 7 8 9 10 | 10.2
Armour         | 2 5 7 9 11 13 14 15 | 15.6
Dodging        | 2 5 6 7 |  7.9
Shields        | 4 7 9 11 13 14 | 14.5
Evocations     | 12 | 12.2
Crossbows      | 6 7 |  7.5
Stealth        | |  1.0

Action                   |  1- 3 |  4- 6 |  7- 9 | 10-12 | 13-15 | 16-18 || total
-------------------------+-------+-------+-------+-------+-------+-------++-------
Melee: Mace              |   105 |    12 |       |       |       |       ||   117
       Kick              |    13 |    13 |       |       |       |       ||    26
       Dagger            |       |   216 |   456 |  1036 |   110 |       ||  1818
       Flail             |       |       |    60 |   122 |   357 |       ||   539
       War axe           |       |       |    78 |   103 |   607 |       ||   788
       Broad axe         |       |       |       |       |   605 |    16 ||   621
       Scimitar          |       |       |       |       |     8 |       ||     8
 Fire: Arbalest          |       |       |       |       |    55 |    24 ||    79
Throw: Throwing net      |       |     2 |       |     2 |     1 |       ||     5
       Tomahawk          |       |       |     4 |     3 |       |       ||     7
       Javelin           |       |       |       |       |    24 |       ||    24
Invok: Call Merchant     |       |       |       |     2 |     4 |       ||     6
Evoke: Wand              |       |       |     9 |    53 |    36 |     2 ||   100
  Use: Scroll            |       |    15 |     9 |    12 |    19 |       ||    55
       Potion            |       |       |     4 |     9 |     7 |       ||    20
 Stab: Distracted        |       |     1 |     4 |     4 |    12 |       ||    21
       Confused          |       |       |     1 |       |       |       ||     1
       Fleeing           |       |       |       |     1 |       |       ||     1
       Invisible         |       |       |       |       |     6 |       ||     6
  Eat: Chunk             |     1 |     7 |     3 |       |       |       ||    11
       Ration            |       |     1 |     4 |    14 |    17 |     2 ||    38
Armor: Ring mail         |    41 |    96 |    64 |       |       |       ||   201
       Leather armour    |     4 |       |       |       |       |       ||     4
       Chain mail        |       |       |   425 |   642 |   696 |       ||  1763
       Skin              |       |       |    40 |    81 |       |       ||   121
       Plate armour      |       |       |       |       |   516 |    48 ||   564
Dodge: Dodged            |    73 |   141 |   337 |   472 |   945 |    27 ||  1995
       Deflected         |       |       |       |       |    26 |       ||    26
Block: Buckler           |       |       |    40 |    49 |       |       ||    89
       Shield            |       |       |       |   803 |   860 |       ||  1663
       Large shield      |       |       |       |       |  1073 |       ||  1073
       Rpst.: Scimitar   |       |       |       |       |     3 |       ||     3

Table legend:
 A = Spawn XP
 B = Non-spawn XP
 C = Spawn XP percentage of total XP
 D = Spawn monster count
 E = Non-spawn monster count
 F = Spawn count percentage of total count
 G = Total turns spent on level
                    A         B        C        D         E        F      G
               +---------+---------+-------+---------+---------+-------+---------
         Total |       0 |  157667 |   0.0 |       0 |     926 |   0.0 | 32729
               +---------+---------+-------+---------+---------+-------+---------
           D:1 |       0 |      40 |   0.0 |       0 |      25 |   0.0 |   892
           D:2 |       0 |      78 |   0.0 |       0 |      18 |   0.0 |  1292
           D:3 |       0 |     200 |   0.0 |       0 |      50 |   0.0 |  1363
           D:4 |       0 |     496 |   0.0 |       0 |      18 |   0.0 |  1134
           D:5 |       0 |     354 |   0.0 |       0 |      22 |   0.0 |   871
           D:6 |       0 |    2146 |   0.0 |       0 |      35 |   0.0 |  1232
           D:7 |       0 |    1576 |   0.0 |       0 |      28 |   0.0 |  1160
           D:8 |       0 |    1465 |   0.0 |       0 |      28 |   0.0 |   922
           D:9 |       0 |    6231 |   0.0 |       0 |      42 |   0.0 |  2408
          D:10 |       0 |    2908 |   0.0 |       0 |      33 |   0.0 |  1117
          D:11 |       0 |    2723 |   0.0 |       0 |      20 |   0.0 |  1012
          D:12 |       0 |    4272 |   0.0 |       0 |      32 |   0.0 |   787
          D:13 |       0 |   13937 |   0.0 |       0 |      65 |   0.0 |  1127
          D:14 |       0 |    9792 |   0.0 |       0 |      35 |   0.0 |  1111
          D:15 |       0 |   25953 |   0.0 |       0 |      72 |   0.0 |  1266
        Lair:1 |       0 |    7948 |   0.0 |       0 |      29 |   0.0 |  1320
        Lair:2 |       0 |    5145 |   0.0 |       0 |      43 |   0.0 |  1123
        Lair:3 |       0 |    4666 |   0.0 |       0 |      19 |   0.0 |  1082
        Lair:4 |       0 |    3589 |   0.0 |       0 |      14 |   0.0 |  1018
        Lair:5 |       0 |   16072 |   0.0 |       0 |      41 |   0.0 |  1904
        Lair:6 |       0 |   21191 |   0.0 |       0 |      67 |   0.0 |  1533
       Snake:1 |       0 |    1011 |   0.0 |       0 |       2 |   0.0 |    10
         Orc:1 |       0 |    5659 |   0.0 |       0 |      62 |   0.0 |   777
         Orc:2 |       0 |   17566 |   0.0 |       0 |      55 |   0.0 |   908
           Lab |       0 |    2147 |   0.0 |       0 |       9 |   0.0 |  4414
         Sewer |       0 |      76 |   0.0 |       0 |      23 |   0.0 |   450
       Ossuary |       0 |     426 |   0.0 |       0 |      39 |   0.0 |   351
               +---------+---------+-------+---------+---------+-------+---------
